 Dungeon Crawl Stone Soup version 0.25-a0-583-g696c2ac64d (webtiles) character file.

Game seed: 7526326851945915561, levelgen mode: deterministic

79 An17 the Insei (level 4, -4/21 HPs)
             Began as a Vine Stalker Transmuter on Mar 8, 2020.
             Slain by an orc
             ... wielding a +0 trident
              (8 damage)
             ... on level 3 of the Dungeon.
             The game lasted 00:07:00 (1766 turns).

An17 the Insei (Vine Stalker Transmuter)            Turns: 1766, Time: 00:07:00

Health: -4/21      AC:  3    Str: 13    XL:     4   Next: 38%
Magic:  0/8        EV: 12    Int: 14    God:
Gold:   108        SH:  0    Dex: 14    Spells: 2/8 levels left

rFire    . . .     SeeInvis .     - Unarmed
rCold    . . .     Gourm    .   (no shield)
rNeg     . . .     Faith    .   f - +0 leather armour
rPois    .         Spirit   +   (no helmet)
rElec    .         Reflect  .   (no cloak)
rCorr    .         Harm     .   (no gloves)
MR       .....                  (boots currently unavailable)
Stlth    +.........             (no amulet)
HPRegen  0.47/turn              (no ring)
MPRegen  0.11/turn              (no ring)

@: appendage
A: fangs 2, talons 3, regeneration 1, magic shield, antimagic bite, no potion
heal 3, rot immunity
a: End Transformation


You were on level 3 of the Dungeon.
You were not hungry.
You had grown temporary talons.
You visited 1 branch of the dungeon, and saw 3 of its levels.

You collected 108 gold pieces.

Inventory:

Missiles
 a - 25 arrows
 g - 4 boomerangs (quivered)
Armour
 f - a +0 leather armour (worn)
 h - a +0 scale mail
 i - a +0 ring mail
Scrolls
 j - a scroll of blinking
Potions
 b - 2 potions of stabbing {unknown}
 e - 2 potions of heal wounds
 k - a potion of flight {unknown}
 l - a potion of brilliance
Comestibles
 d - 4 rations


   Skills:
 + Level 0.8 Fighting
 + Level 1.8 Dodging
 + Level 4.2 Unarmed Combat
 + Level 2.6 Spellcasting
 + Level 2.8 Transmutations


You had 2 spell levels left.
You knew the following spells:

 Your Spells              Type           Power        Failure   Level  Hunger
a - Beastly Appendage     Tmut           #.....       9%          1    #......
b - Sticks to Snakes      Tmut           #.......     13%         2    ###....
c - Spider Form           Tmut/Pois      #.........   43%         3    ###....

Your spell library contained the following spells:

 Spells                   Type           Power        Failure   Level  Hunger
 Ice Form                 Ice/Tmut       #.......     83%         4    #####..
 Blade Hands              Tmut           #.........   94%         5    ######.


Dungeon Overview and Level Annotations

Branches:
Dungeon (3/15)

Altars:
Nemelex Xobeh
Wu Jian


Innate Abilities, Weirdness & Mutations

You have extremely sharp teeth.
Your natural rate of healing is unusually fast.
When hurt, damage is shared between your health and your magic reserves.
Your bite disrupts and absorbs the magic of your enemies.
Potions cannot restore your health.
You are immune to rotting.
You have claws for feet.


Message History

Beogh smites you!
Ouch! That really hurt!
* * * LOW HITPOINT WARNING * * *
Magic courses through your body.
The orc priest hits you with a +0 flail!
* * * LOW HITPOINT WARNING * * *
Casting: Beastly Appendage (safe; 9% risk of failure)
Confirm with . or Enter, or press ? or * to list all spells.
Your feet morph into talons.
The orc priest barely misses you.
You barely miss the orc priest. Your bite misses the orc priest.
The orc priest is lightly wounded.
You hit the orc priest but do no damage.
You claw the orc priest.
The orc priest is moderately wounded.
The orc priest closely misses you. The orc barely misses you.
You hit the orc priest. Your bite misses the orc priest.
The orc priest is heavily wounded.
The orc priest begins to cast a cantrip, but forgets the words!
The orc hits you from afar with a +0 trident!
You die...

#.# #######'##
.........#
.........#
.........#
.........#
#######'##
#############.#
........ro@..>#
........o######
.........#
.........#
#####......
..........
#.#.........#
..........(o..
............r.o


You could see an orc priest, an orc and a quokka.

Vanquished Creatures
  A worm (D:2)
  2 dart slugs
  2 leopard geckos (D:2)
  An orc (D:3)
  8 bats
  4 giant cockroaches
  5 goblins
  9 hobgoblins
  8 jackals
  2 quokkas (D:2)
  6 frilled lizards
  6 kobolds
  A leopard gecko skeleton (D:2)
  8 rats (D:2)
63 creatures vanquished.

Notes
Turn   | Place    | Note
-------+----------+-------------------------------------------
     0 | D:1      | An17 the Vine Stalker Transmuter began the quest for the
                  | Orb.
     0 | D:1      | Reached XP level 1. HP: 9/9 MP: 4/4
   378 | D:1      | Reached XP level 2. HP: 14/14 MP: 6/6
   513 | D:1      | Found a sparkling altar of Nemelex Xobeh.
   585 | D:1      | Reached XP level 3. HP: 16/17 MP: 7/7
   589 | D:1      | Learned a level 2 spell: Sticks to Snakes
   593 | D:1      | Learned a level 3 spell: Spider Form
   986 | D:2      | Reached skill level 4 in Unarmed Combat
  1331 | D:2      | Gained mutation: Your natural rate of healing is unusually
                  | fast. [Vine Stalker growth]
  1331 | D:2      | Reached XP level 4. HP: 15/21 MP: 8/8
  1372 | D:2      | Found an ornate altar of the Wu Jian Council.
  1766 | D:3      | Slain by an orc

Levels and vault maps discovered:
D:1:      dpeg_arrival_oval, layout_basic, fountainhead,
          nemelex_diamond_rough_becter
D:2:      cheibrodos_helix_gallery, layout_basic, lemuel_coloured_pillars_altar,
          first_ration
D:3:      cheibrodos_fertilizer, layout_basic, minmay_misc_feat_secret_circle

Skill      XL: |  1  2  3 |
---------------+----------+-----
Unarmed Combat | 4 |  4.2
Fighting       | |  0.8
Dodging        | |  1.8
Spellcasting   | |  2.6
Transmutations | |  2.8

Action                   |  1- 3 |  4- 6 || total
-------------------------+-------+-------++-------
Melee: Unarmed           |   128 |    63 ||   191
       Bite              |    25 |    15 ||    40
       Headbutt          |     9 |     2 ||    11
       Punch             |     2 |     1 ||     3
       Kick              |     4 |     7 ||    11
 Cast: Beastly Appendage |    14 |     5 ||    19
       Sticks to Snakes  |     3 |       ||     3
  Use: Scroll            |     6 |       ||     6
       Potion            |     1 |     1 ||     2
 Stab: Sleeping          |     1 |       ||     1
  Eat: Ration            |     1 |       ||     1
Armor: Robe              |     4 |       ||     4
       Leather armour    |    21 |    24 ||    45
Dodge: Dodged            |    85 |    39 ||   124

Table legend:
 A = Non-vault XP
 B = Vault XP
 C = Vault XP percentage of total XP
 D = Non-vault monster count
 E = Vault monster count
 F = Vault count percentage of total count
                 A         B        C        D         E       F
            +---------+---------+-------+---------+---------+-------
      Total |     113 |       1 |   0.9 |      62 |       1 |   1.6
            +---------+---------+-------+---------+---------+-------
        D:1 |      41 |       0 |   0.0 |      22 |       0 |   0.0
        D:2 |      68 |       1 |   1.4 |      38 |       1 |   2.6
        D:3 |       4 |       0 |   0.0 |       2 |       0 |   0.0
            +---------+---------+-------+---------+---------+-------
